AoeStats
← miguelon01

Black Forest

507596197Analyzed
4v4 RM · 14d ago on Sep 18, 2026· 38m 46s· 8 players
Game mode
Random Map
Map size
Large (8 player)
Population
200
Speed
Normal
Resources
Standard
Victory
Conquest
Starting age
Dark Age
Ending age
Imperial Age
RankedLock teamsTeams togetherTeam positionsShared explorationLock speedFull tech treeHidden civsTurbo modeCheats
Victory
Defeat
🇦🇺 Vikings · Australia
1170
+15
🇧🇷 Armenians · Brazil
1126
+17
🇨🇦 Ethiopians · Canada
1007
+21
996
+22
🇹🇼 Turks · Taiwan
1160
-20
🇧🇷 Aztecs · Brazil
1129
-19
🇨🇳 Franks · China
1122
-18
🇵🇪 Burmese · Peru
1120
-18
lkm543
8:13 Loom
12:18 Feudal Age
13:39 Double-Bit Axe
16:38 Castle Age
15:09 Scale Barding Armor
14:46 Horse Collar
17:59 Bow Saw
19:07 Chain Barding Armor
23:43 Heavy Plow
26:15 Caravan
27:09 Wheelbarrow
26:24 Town Watch
26:40 Fletching
28:09 Forging
28:24 Hand Cart
28:06 Gold Mining
28:07 Stone Mining
31:53 Bodkin Arrow
32:36 Iron Casting
33:08 Gold Shaft Mining
32:54 Padded Archer Armor
33:19 Ballistics
32:39 Treadmill Crane
33:10 Masonry
32:56 Murder Holes
33:11 Fortified Wall
35:40 Imperial Age
33:12 Town Patrol
34:53 Bloodlines
34:43 Husbandry
36:05 Leather Archer Armor
36:46 Bombard Tower
36:52 Bracer
37:28 Plate Barding Armor
37:54 Blast Furnace
36:16 Heavy Camel Rider
38:05 Conscription
37:46 Artillery
miguelon01
0:39 Loom
13:12 Feudal Age
18:51 Castle Age
17:05 Double-Bit Axe
21:27 Wheelbarrow
26:39 Horse Collar
28:58 Forging
29:39 Pikeman
31:59 Gold Mining
32:52 Fortified Wall
33:30 Scale Mail Armor
35:04 Chain Mail Armor
38:57 Imperial Age
37:41 Iron Casting
37:50 Stone Mining
38:43 Bow Saw
38:37 Squires
Yosef_
3:51 Loom
11:38 Feudal Age
16:42 Castle Age
22:03 Sanctity
22:59 Redemption
34:55 Fletching
35:06 Padded Archer Armor
35:55 Elite Skirmisher
36:32 Bodkin Arrow
1903662431
1:27 Loom
13:22 Feudal Age
17:32 Castle Age
16:53 Double-Bit Axe
25:13 Wheelbarrow
27:58 Bow Saw
30:27 Husbandry
29:54 Pikeman
30:35 Squires
33:02 Gold Mining
33:02 Stone Mining
33:23 Arson
35:03 Hand Cart
38:38 Imperial Age
37:20 Gold Shaft Mining
36:58 Forging
36:54 Scale Barding Armor
tboss
0:26 Loom
14:06 Feudal Age
18:25 Castle Age
16:45 Double-Bit Axe
16:45 Horse Collar
19:33 Bow Saw
23:56 Wheelbarrow
23:39 Town Watch
24:42 Fortified Wall
26:46 Hand Cart
30:04 Ballistics
33:13 Imperial Age
30:55 Gold Mining
34:03 Torsion Engines
35:07 Chemistry
33:29 Heavy Scorpion
34:53 Town Patrol
35:52 Siege Engineers
38:25 Two-Man Saw
39:11 Heavy Plow
DR GUS GLITTERGELPEN BILDORDER Ⅷ
1:42 Loom
12:30 Feudal Age
13:49 Wheelbarrow
16:47 Castle Age
14:39 Double-Bit Axe
15:04 Horse Collar
25:57 Scale Barding Armor
26:27 Bloodlines
26:57 Forging
29:09 Chain Barding Armor
31:18 Iron Casting
34:03 Scale Mail Armor
34:13 Husbandry
38:12 Imperial Age
36:08 Chain Mail Armor
36:02 Fletching
37:37 Bodkin Arrow
38:11 Padded Archer Armor
38:57 Bracer
ufokinw0tm8
5:11 Loom
10:56 Feudal Age
15:15 Castle Age
13:35 Double-Bit Axe
13:45 Horse Collar
16:44 Bow Saw
21:26 Heavy Plow
21:39 Stone Mining
23:29 Gold Mining
28:08 Imperial Age
25:25 Town Watch
26:20 Gold Shaft Mining
26:52 Ballistics
26:12 Treadmill Crane
26:56 Ballistics
28:18 Squires
27:39 Pikeman
29:22 Conscription
28:56 Crossbowman
30:09 Padded Archer Armor
29:36 Arbalester
31:45 Fletching
32:11 Leather Archer Armor
32:01 Bogsveigar
32:57 Bodkin Arrow
34:08 Chemistry
34:19 Town Patrol
34:22 Bracer
34:52 Ring Archer Armor
37:46 Two-Man Saw
39:06 Siege Engineers
39:12 Masonry
Komo Kazada
0:51 Loom
10:26 Feudal Age
10:26 Man-at-Arms
11:10 Long Swordsman
11:42 Double-Bit Axe
13:31 Arson
22:36 Wheelbarrow
22:36 Stone Mining
22:37 Gold Mining
22:28 Pikeman
27:57 Castle Age
27:36 Forging
27:26 Scale Mail Armor
27:33 Gold Mining
32:43 Bow Saw
37:36 Halberdier
39:13 Squires
Connection lost

Rejoining the realm…

Still unreachable

The connection could not be restored.

Session expired

The server has moved on; the page needs a fresh start.